 Dungeon Crawl Stone Soup version 0.30-a0-373-gd37427bb62 (webtiles) character file.

Game seed: 7146713372085163201

77 Raultor the Changer (level 4, 0/28 HPs)
             Began as an Octopode Transmuter on Nov 23, 2022.
             Slain by an orc wizard
             ... wielding a +0 dagger
              (2 damage)
             ... on level 3 of the Dungeon.
             The game lasted 00:03:46 (1626 turns).

Raultor the Changer (Octopode Transmuter)           Turns: 1626, Time: 00:03:46

Health: 0/28       AC:  1    Str: 11    XL:     4   Next: 33%
Magic:  7/7        EV: 13    Int: 15    God:
Gold:   62         SH:  0    Dex: 12    Spells: 1/7 levels left

rFire   . . .      SeeInvis .      - Unarmed
rCold   + . .      Faith    .    (no shield)
rNeg    . . .      Spirit   .    (helmet restricted)
rPois   .          Reflect  .    (no amulet)
rElec   .          Harm     .    R - ring of resist corrosion
rCorr   +          Rampage  .    C - ring of protection from cold
Will    .....                    (no ring)
Stlth   ++........               (no ring)
HPRegen 0.24/turn                (no ring)
MPRegen 0.10/turn                (no ring)
                                 (no ring)
                                 (no ring)

@: confused
A: almost no armour, amphibious, 8 rings, camouflage 1, gelatinous body 1,
(nimble swimmer 1), tentacles
a: no special abilities


You were on level 3 of the Dungeon.
You visited 1 branch of the dungeon, and saw 3 of its levels.

You collected 62 gold pieces.


Innate Abilities, Weirdness & Mutations

You cannot wear most types of armour.
You are amphibious.
You can wear up to eight rings at the same time.
Your skin changes colour to match your surroundings (Stealth+).
Your rubbery body absorbs attacks. (AC +1, EV +1)
((You are camouflaged when in or above water. (Stealth+)))
You have tentacles for arms and can constrict up to eight enemies at once.


   Skills:
 - Level 1.0 Fighting
 - Level 2.0 Dodging
 - Level 3.0 Unarmed Combat
 - Level 2.0 Spellcasting
 * Level 3.9 Transmutations
 * Level 2.1 Poison Magic


You had one spell level left.
You knew the following spells:

 Your Spells              Type           Power      Damage    Failure   Level
b - Beastly Appendage     Tmut           26%        N/A       4%          1
s - Spider Form           Tmut/Pois      10%        N/A       19%         3
w - Wereblood             Tmut           13%        N/A       7%          2

Your spell library contained the following spells:

 Spells                   Type           Power      Damage    Failure   Level
 Ice Form                 Ice/Tmut       7%         N/A       69%         4

Inventory:

Magical Staves
 d - a staff of poison {!a}
 h - a staff of conjuration {!a}
Jewellery
 C - a ring of protection from cold (right tentacle)
 R - a ring of resist corrosion (left tentacle)
Scrolls
 c - 2 scrolls of blinking {unknown}
 e - 3 scrolls of teleportation {unknown}
 f - 2 scrolls of identify {unknown}
 i - a scroll of immolation {unknown}
 j - a scroll of magic mapping {unknown}
 k - a scroll of enchant armour {unknown}
Potions
 a - 2 potions of lignification
 b - a potion of curing {unknown}
 g - a potion of attraction {unknown}
 l - a potion of degeneration {unknown}
 m - a potion of ambrosia {unknown}
 n - a potion of heal wounds {unknown}

Dungeon Overview and Level Annotations

Branches:
Dungeon (3/15)

Altars:
Nemelex Xobeh

#....▒...▒.▒▒▒▒+▒
#....▒...▒.......
#....'...▒.......
#....▒...<▒▒▒▒▒▒
#....▒.†.........
#....▒........... #
#....▒........... ..#
#....▒▒▒▒▒▒▒▒▒▒▒▒▒▒▒▒▒▒▒....#
#.............@{..)..........
#.................)........##
#.#.#.#.#######.############
.....#.#.# #... #.....#.#.#
#..... #.....#.#.# #......
#.....#.#.# #...... #...
#.#.# #.....#


There were no monsters in sight!


Message History

The orc wizard mumbles some strange words.
The orc wizard flickers and vanishes!
Deactivating autopickup; reactivate with Ctrl-A.
Something hits you.
* * * LOW HITPOINT WARNING * * *
You bump into the stone wall.
You feel less confused. Something hits you.
* * * LOW HITPOINT WARNING * * *
Something barely misses you.
Things that are here:
a +0 whip; an orc corpse Something hits you.
* * * LOW HITPOINT WARNING * * *
You barely miss something. Something hits you.
* * * LOW HITPOINT WARNING * * *
You tentacle-slap something. Something hits you.
* * * LOW HITPOINT WARNING * * *
You barely miss something. Something hits you.
* * * LOW HITPOINT WARNING * * *
You miss something.
You hear some strange, mumbled words.
You are confused.
You bump into the stone wall.
Something hits you.
* * * LOW HITPOINT WARNING * * *
You closely miss something. Something hits you.
* * * LOW HITPOINT WARNING * * *
You're too confused to move!
Something hits you.
You die...

Skill      XL: |  1  2  3  4 |
---------------+-------------+-----
Transmutations | 3 |  3.9
Poison Magic   | 1 2 |  2.1
Fighting       | |  1.0
Dodging        | |  2.0
Unarmed Combat | |  3.0
Spellcasting   | |  2.0

Action                   |  1- 3 |  4- 6 || total
-------------------------+-------+-------++-------
Melee: Unarmed           |    73 |    20 ||    93
       Tentacles         |    18 |     2 ||    20
       Constrict         |    19 |     5 ||    24
       Kick              |     5 |       ||     5
 Cast: Beastly Appendage |     5 |     1 ||     6
       Wereblood         |     1 |       ||     1
       Spider Form       |       |     1 ||     1
 Stab: Sleeping          |     8 |     1 ||     9
Armor: Skin              |    10 |     2 ||    12
Dodge: Dodged            |    49 |    12 ||    61

Levels and vault maps discovered:
D:1:      dpeg_arrival_ratfight, layout_basic, hex_tiny
D:2:      layout_basic, hellmonk_ecumenical_altar_heavens_door, basic_altar,
          uniq_natasha
D:3:      layout_basic

Notes
Turn   | Place    | Note
-------+----------+-------------------------------------------
     0 | D:1      | Raultor the Octopode Transmuter began the quest for the
                  | Orb.
     0 | D:1      | Reached XP level 1. HP: 13/13 MP: 3/3
   232 | D:1      | Reached XP level 2. HP: 18/18 MP: 3/5
   369 | D:1      | Reached skill level 3 in Transmutations
   610 | D:1      | Learned a level 2 spell: Wereblood
   727 | D:2      | Reached XP level 3. HP: 21/23 MP: 6/6
   731 | D:2      | Learned a level 3 spell: Spider Form
   741 | D:2      | Found a sparkling altar of Nemelex Xobeh.
   868 | D:2      | Found a faded altar of an unknown god.
  1000 | D:2      | Reached skill level 1 in Poison Magic
  1257 | D:2      | Reached XP level 4. HP: 21/28 MP: 7/7
  1345 | D:2      | Noticed Natasha
  1352 | D:2      | Killed Natasha
  1353 | D:2      | Reached skill level 2 in Poison Magic
  1624 | D:3      | HP: 2/28 [something (4)]
  1626 | D:3      | Slain by an orc wizard

Vanquished Creatures
  2 adders (D:2)
  A worm (D:2)
  3 dart slugs
  2 orcs (D:3)
  4 bats
  An endoplasm (D:2)
  2 giant cockroaches (D:1)
  2 goblins
  3 hobgoblins
  2 kobolds (D:2)
  2 quokkas
  4 ball pythons
  5 frilled lizards
  6 rats (D:1)
39 creatures vanquished.

Vanquished Creatures (others)
  Natasha (D:2)
1 creature vanquished.

Grand Total: 40 creatures vanquished

Table legend: (Time is in decaauts)
 A = Elapsed time spent in this place.
 B = Non-inter-level travel time spent in this place.
 C = Inter-level travel time spent in this place.
 D = Time resting spent in this place.
 E = Time spent auto-exploring this place.
 F = Levels seen in this place.
 G = Mean time per level.
                   A        B        C        D        E       F      G
               +--------+--------+--------+--------+--------+-----+--------+
         Total |   1619 |   1540 |     79 |      0 |   1218 |   3 |  539.7 |
       Dungeon |   1619 |   1540 |     79 |      0 |   1218 |   3 |  539.7 |
               +--------+--------+--------+--------+--------+-----+--------+

Top non-repeatable levels by time:
     D:2: 880 daAuts
     D:1: 683 daAuts
     D:3: 55 daAuts

Table legend:
 A = Non-vault XP
 B = Vault XP
 C = Vault XP percentage of total XP
 D = Non-vault monster count
 E = Vault monster count
 F = Vault count percentage of total count
                 A         B        C        D         E       F
            +---------+---------+-------+---------+---------+-------
      Total |      89 |      21 |  19.1 |      34 |       6 |  15.0
            +---------+---------+-------+---------+---------+-------
        D:1 |      23 |       5 |  17.9 |      12 |       5 |  29.4
        D:2 |      57 |      16 |  21.9 |      18 |       1 |   5.3
        D:3 |       9 |       0 |   0.0 |       4 |       0 |   0.0
            +---------+---------+-------+---------+---------+-------
